 Dungeon Crawl Stone Soup version 0.29.1-1-gd02db6906a (webtiles) character file.

Game seed: 8311888032727419325

110 RogueRain17 the Conjurer (level 4, -2/30 HPs)
             Began as a Demonspawn Conjurer on Sept 24, 2022.
             Shot with an arrow by a centaur (6 damage)
             ... on level 3 of the Dungeon.
             The game lasted 00:04:32 (2786 turns).

RogueRain17 the Conjurer (Demonspawn Conjurer)      Turns: 2786, Time: 00:04:35

Health: -2/30      AC:  4    Str:  7    XL:     4   Next: 61%
Magic:  2/7        EV: 12    Int: 21    God:
Gold:   162        SH:  0    Dex: 12    Spells: 6/7 levels left

rFire   . . .      SeeInvis .   (no weapon)
rCold   + . .      Faith    .   (no shield)
rNeg    . . .      Spirit   .   a - +0 robe
rPois   .          Reflect  .   (no helmet)
rElec   .          Harm     .   (no cloak)
rCorr   .          Rampage  .   (no gloves)
Will    .....                   (no boots)
Stlth   ++........              (no amulet)
HPRegen 0.10/turn               i - ring of protection from cold
MPRegen 0.10/turn               (no ring)

@: no status effects
A: yellow scales 1, powered by pain 1
a: no special abilities


You were on level 3 of the Dungeon.
You visited 1 branch of the dungeon, and saw 3 of its levels.

You collected 162 gold pieces.

Inventory:

Armour
 a - a +0 robe (worn)
Jewellery
 i - a ring of protection from cold (left hand)
 m - a ring of protection from cold
Scrolls
 f - a scroll of poison {unknown}
 g - 3 scrolls of identify {unknown}
 h - a scroll of fear {unknown}
 k - a scroll of amnesia {unknown}
Potions
 b - a potion of magic
 c - a potion of lignification {unknown}
 d - 2 potions of degeneration {unknown}
 e - a potion of cancellation {unknown}
 j - 2 potions of curing {unknown}
 l - a potion of might {unknown}
 n - a potion of haste {unknown}
 o - a potion of mutation {unknown}
 p - a potion of attraction {unknown}


   Skills:
 - Level 1.7 Dodging
 - Level 1.7 Stealth
 - Level 2.0 Spellcasting
 + Level 6.1 Conjurations


You had 6 spell levels left.
You knew the following spells:

 Your Spells              Type           Power      Damage    Failure   Level
a - Magic Dart            Conj           100%       1d8       1%          1

Your spell library contained the following spells:

 Spells                   Type           Power      Damage    Failure   Level
 Searing Ray              Conj           54%        2d6       1%          2
 Dazzling Flash           Conj/Hex       28%        N/A       13%         3
 Fulminant Prism          Conj/Hex       7%         3d7       38%         4
 Iskenderun's Mystic Bla  Conj/Tloc      14%        2d5       38%         4
 Gell's Gravitas          Tloc           2%         N/A       41%         3
 Lesser Beckoning         Tloc           2%         N/A       41%         3
 Teleport Other           Tloc           2%         N/A       41%         3


Dungeon Overview and Level Annotations

Branches:
Dungeon (3/15)

Altars:


Innate Abilities, Weirdness & Mutations

You are partially covered in yellow scales. (AC +2)
You sometimes gain a little power by taking damage.


Message History

The magic dart hits the hobgoblin.
You kill the hobgoblin!
Found a stone staircase leading down.
Found 8 stones.
Found a stone staircase leading down.
There is a stone staircase leading down here.
You see here a staff of conjuration.
Found a stone staircase leading up.
A rat comes into view.
The magic dart hits the rat!
You kill the rat!
p - a smoky dark potion A centaur comes into view.
The centaur shouts!
The magic dart hits the centaur.
The centaur is lightly wounded.
The centaur wields a +0 shortbow.
The centaur shoots an arrow.
The arrow barely misses you.
The centaur shoots an arrow.
The arrow hits you.
The magic dart hits the centaur.
The centaur is heavily wounded.
The centaur shoots an arrow.
The arrow barely misses you.
The magic dart hits the centaur.
The centaur is heavily wounded.
The centaur shoots an arrow.
The arrow closely misses you.
The centaur shoots an arrow.
The arrow hits you!
The magic dart hits the centaur.
The centaur is severely wounded.
The centaur shoots an arrow.
The arrow hits you!
* * * LOW HITPOINT WARNING * * *
You are too injured to fight recklessly!
You are too injured to fight recklessly!
Casting: Magic Dart (safe; 1% risk of failure)
Confirm with . or Enter, or press ? or * to list all spells.
Aiming: Magic Dart (safe; 1% risk of failure)
Press: ? - help, Shift-Dir - straight line, f/p - centaur
Aim: a centaur, wielding a +0 shortbow (severely wounded, 100% to hit)
The magic dart hits the centaur.
The centaur is almost dead.
The centaur shoots an arrow.
The arrow hits you.
You die...

###....##.....
##)........... ##
.[.........).. .#
##.......##.## ##.#
##........... ...#
##.#....###. #..#
...####.# #..# #### .#
#.####..###... # #
#.....@.....# #
#####...##..c. .
##........# # #
#.........#
#.........#
#.........#
#.........#
#.........#
#.........############


You could see a centaur.

Vanquished Creatures
  An orc priest (D:3)
  3 adders
  A dart slug (D:1)
  2 orcs (D:3)
  9 bats
  3 endoplasms (D:1)
  A giant cockroach (D:1)
  5 goblins
  6 hobgoblins
  3 quokkas
  3 ball pythons
  5 frilled lizards
  3 kobolds
  4 rats
49 creatures vanquished.

Notes
Turn   | Place    | Note
-------+----------+-------------------------------------------
     0 | D:1      | RogueRain17 the Demonspawn Conjurer began the quest for the
                  | Orb.
     0 | D:1      | Reached XP level 1. HP: 13/13 MP: 3/3
   322 | D:1      | Gained mutation: You are partially covered in yellow
                  | scales. (AC +2) [demonic ancestry]
   322 | D:1      | Reached XP level 2. HP: 18/19 MP: 0/5
   593 | D:1      | Found a faded altar of an unknown god.
  1014 | D:1      | Reached skill level 5 in Conjurations
  1237 | D:1      | Gained mutation: You sometimes gain a little power by
                  | taking damage. [demonic ancestry]
  1237 | D:1      | Reached XP level 3. HP: 24/24 MP: 4/6
  2362 | D:3      | Reached XP level 4. HP: 30/30 MP: 2/7
  2443 | D:3      | Reached skill level 6 in Conjurations
  2781 | D:3      | Noticed a centaur
  2786 | D:3      | Shot with an arrow by a centaur

Illustrated notes

Levels and vault maps discovered:
D:1:      giann_forest_graveyard, layout_basic,
          shapermc_ecumenical_altar_acropolis
D:2:      layout_loops_ring
D:3:      layout_loops_ring

Skill      XL: |  1  2  3  4 |
---------------+-------------+-----
Conjurations   | 5 6 |  6.1
Dodging        | |  1.7
Stealth        | |  1.7
Spellcasting   | |  2.0

Action                   |  1- 3 |  4- 6 || total
-------------------------+-------+-------++-------
Melee: Unarmed           |    15 |       ||    15
 Cast: Magic Dart        |    81 |    16 ||    97
Armor: Robe              |    10 |     1 ||    11
Dodge: Dodged            |    15 |     8 ||    23
